 Dungeon Crawl Stone Soup version 0.20-a0-739-g6bb112f (webtiles) character file.

1760 Gorglomux the Cleaver (level 8, -4/65 (66) HPs)
             Began as a Minotaur Hunter on Feb 24, 2017.
             Was a Believer of Wu Jian.
             Killed from afar by an orc wizard (8 damage)
             ... with a puff of flame
             ... on level 7 of the Dungeon.
             The game lasted 00:13:41 (7218 turns).

Gorglomux the Cleaver (Minotaur Hunter)             Turns: 7218, Time: 00:13:42

HP:   -4/65 (66)    AC: 10    Str: 19    XL:     8   Next: 79%
MP:   16/16         EV: 11    Int:  8    God:    Wu Jian [**....]
Gold: 242           SH:  0    Dex: 11    Spells: 7/7 levels left

rFire    . . .     SeeInvis .   a - +0 war axe
rCold    + . .     Gourm    .   p - +0 ring mail
rNeg     . . .     Faith    .   (no shield)
rPois    .         Spirit   .   B - +2 hat
rElec    .         Reflect  .   (no cloak)
rCorr    .         Harm     .   (no gloves)
MR       .....                  G - +2 pair of boots
Stlth    +.........             q - amulet of magic regeneration
Regen    0.2/turn               c - ring of protection from cold
MPRegen  0.3/turn               Y - ring of magical power

@: lethally poisoned (-4 -> -11)
A: retaliatory headbutt, horns 2
a: Renounce Religion


You were on level 7 of the Dungeon.
You worshipped Wu Jian.
Wu Jian was pleased with you.
You were not hungry.

You visited 1 branch of the dungeon, and saw 7 of its levels.

You collected 242 gold pieces.

Inventory:

Hand Weapons
 a - a +0 war axe (weapon)
 b - a +0 shortbow
 o - a +0 hunting sling
 t - a +0 hand axe of flaming
 u - a +0 hand axe
 P - a +0 short sword
 X - a +3 dagger of protection
Missiles
 l - 5 sling bullets
 n - 42 arrows
 y - 5 javelins (quivered)
 L - 124 stones
 Z - 4 throwing nets
Armour
 p - a +0 ring mail (worn)
 B - a +2 hat (worn)
 G - a +2 pair of boots (worn)
 K - a +0 leather armour
Jewellery
 c - a ring of protection from cold (right hand)
 q - an amulet of magic regeneration (around neck)
 z - an uncursed ring of ice {unknown}
 I - an uncursed amulet of harm
 Y - a ring of magical power (left hand)
Scrolls
 r - a scroll of enchant armour
 w - a scroll of magic mapping {unknown}
 A - 2 scrolls of random uselessness {unknown}
 C - 2 scrolls of teleportation {unknown}
 E - 2 scrolls of immolation {unknown}
 F - a scroll of amnesia
 M - a scroll of noise {unknown}
 O - a scroll of enchant weapon {unknown}
 R - 3 scrolls of identify
 U - 3 scrolls of remove curse {unknown}
 V - 2 scrolls of fog {unknown}
Potions
 k - a potion of might {unknown}
 s - a potion of haste {unknown}
 v - 2 potions of flight {unknown}
 D - 3 potions of agility
 H - 2 potions of curing
 J - a potion of ambrosia {unknown}
 N - 2 potions of brilliance {unknown}
 Q - a potion of mutation {unknown}
 T - 3 potions of cancellation
 W - a potion of heal wounds {unknown}
Comestibles
 f - 7 bread rations
 m - 3 chunks of flesh
 x - 4 fruits
 S - 2 meat rations


   Skills:
 + Level 4.1 Fighting
 - Level 12.2 Axes
 - Level 5.0 Throwing
 - Level 2.1 Dodging
 - Level 0.7 Stealth


You had 7 spell levels left.
You didn't know any spells.

Dungeon Overview and Level Annotations

Branches:
Dungeon (7/15)
 Temple: D:4-7

Altars:
Dithmenos
Elyvilon
Kikubaaqudgha
Qazlal
Vehumet
Wu Jian
Xom
Zin
The Shining One


Innate Abilities, Weirdness & Mutations

You reflexively headbutt those who attack you in melee.
You have a pair of horns on your head.


Message History

The scorpion is almost dead.
You hit the bullfrog. You hit something.
You feel sick. The scorpion stings you!
* * * LOW HITPOINT WARNING * * *
The bullfrog hits you.
* * * LOW HITPOINT WARNING * * *
You hear some strange, mumbled words.
A magic dart appears from out of thin air!
The magic dart hits you!
* * * LOW HITPOINT WARNING * * *
You completely miss something. Your headbutt misses something.
You completely miss the scorpion.
Your ring mail prevents you from hitting the bullfrog.
You feel sick. The bullfrog hits you.
* * * LOW HITPOINT WARNING * * *
The scorpion stings you but does no damage.
You hear some strange, mumbled words.
A puff of flame appears from out of thin air!
The puff of flame hits you!
You die...

####.## #.....###
.#####.....<.
...........#### .#
............... ...
#.......########.#
.........)......#.#
.#.......).s......#
#........##@###..#
#........##F###..####...
#..........)............
#........##.####.######
....####.....##......#
.... ..............# #.
........##......#
.##.....##......#
......##......#


You could see a bullfrog and a scorpion.

Vanquished Creatures
  An orc warrior (D:7)
  An ice beast (D:6)
  A necrophage (D:7)
  A black bear (D:6)
  2 centaurs
  3 ogres
  3 bullfrogs
  A wyvern zombie (D:6)
  2 scorpions
  A jelly (D:6)
  A howler monkey (D:7)
  2 crimson imps (D:5)
  4 hounds
  A centaur skeleton (D:4)
  3 iguanas (D:4)
  A bullfrog skeleton (D:6)
  An orc wizard (D:3)
  2 worker ants
  6 adders
  4 worms
  2 dart slugs
  8 leopard geckos
  13 orcs
  8 bats
  3 giant cockroaches
  7 goblins
  13 hobgoblins
  9 jackals
  A quokka (D:6)
  2 ball pythons (D:1)
  5 frilled lizards
  4 kobolds
  A leopard gecko skeleton (D:6)
  7 rats
124 creatures vanquished.

Notes
Turn   | Place    | Note
-------+----------+-------------------------------------------
     0 | D:1      | Gorglomux the Minotaur Hunter began the quest for the Orb.
     0 | D:1      | Reached XP level 1. HP: 18/18 MP: 0/0
   270 | D:1      | Reached XP level 2. HP: 25/25 MP: 1/1
   838 | D:1      | Reached XP level 3. HP: 30/30 MP: 2/2
  1109 | D:2      | Found a shadowy altar of Dithmenos.
  1177 | D:2      | Reached skill level 3 in Fighting
  1442 | D:2      | Found a radiant altar of Vehumet.
  1565 | D:2      | Found an ornate altar of the Wu Jian Council.
  1733 | D:2      | Became a worshipper of the Wu Jian Council
  1736 | D:2      | Reached XP level 4. HP: 40/40 MP: 3/3
  2282 | D:2      | Reached skill level 1 in Axes
  2304 | D:3      | Reached skill level 2 in Axes
  2991 | D:3      | Reached skill level 3 in Axes
  2991 | D:3      | Reached XP level 5. HP: 34/46 MP: 4/4
  3327 | D:4      | Reached skill level 4 in Axes
  3386 | D:4      | Reached * piety under Wu Jian
  3410 | D:4      | Noticed an ogre
  3416 | D:4      | Killed an ogre
  3416 | D:4      | Reached skill level 5 in Axes
  3416 | D:4      | Reached XP level 6. HP: 35/52 MP: 5/5
  3930 | D:4      | Found a shimmering altar of Xom.
  3932 | D:4      | Noticed an angel
  3940 | D:4      | Found a glowing silver altar of Zin.
  3974 | D:4      | Reached skill level 6 in Axes
  4811 | D:5      | Entered Level 5 of the Dungeon
  4821 | D:5      | Reached skill level 7 in Axes
  4835 | D:5      | Reached XP level 7. HP: 53/59 MP: 6/6
  4906 | D:5      | Found a white marble altar of Elyvilon.
  5177 | D:5      | Found an ancient bone altar of Kikubaaqudgha.
  5177 | D:5      | Found a glowing golden altar of the Shining One.
  5449 | D:5      | Reached skill level 8 in Axes
  5848 | D:5      | Reached skill level 9 in Axes
  6553 | D:6      | Reached XP level 8. HP: 59/66 MP: 7/7
  6608 | D:6      | Reached skill level 10 in Axes
  6649 | D:6      | Found a stormy altar of Qazlal.
  6664 | D:6      | Reached ** piety under Wu Jian
  7124 | D:7      | Reached skill level 11 in Axes
  7204 | D:7      | Reached skill level 12 in Axes
  7218 | D:7      | Killed from afar by an orc wizard

Vault maps used:
D:1:      evilmike_arrival_plus, minmay_misc_feat_chi, minmay_misc_feat_iff,
          kennysheep_doodads, serial_bayou_lagoon_a
D:2:      lemuel_coloured_pillars_altar, marbit_many_paths,
          overflow_temple_1_default
D:3:      minmay_hedge_maze, minmay_misc_feat_tiny, lemuel_flame_loot_1
D:4:      grunt_temple_overflow_order_and_chaos_1,
          roderic_chinese_pattern_swastika, kennysheep_generic_room_9
D:5:      old_standard_altar, gammafunk_temple_overflow_elements, first_bread
D:6:      basic_altar
D:7:      temple_statues

Skill      XL: |  1  2  3  4  5  6  7  8 |
---------------+-------------------------+-----
Throwing       | 5 |  5.0
Fighting       | 3 4 |  4.1
Axes           | 3 5 7 9 12 | 12.2
Dodging        | |  2.1
Stealth        | |  0.7

Action                   |  1- 3 |  4- 6 |  7- 9 || total
-------------------------+-------+-------+-------++-------
Melee: Short sword       |     7 |       |       ||     7
       Dagger            |    30 |       |       ||    30
       Headbutt          |    12 |    19 |    23 ||    54
       Hand axe          |    45 |   104 |     5 ||   154
       War axe           |       |       |   125 ||   125
 Fire: Hunting sling     |     3 |    34 |    26 ||    63
       Shortbow          |       |       |     2 ||     2
Throw: Javelin           |     3 |    10 |     2 ||    15
  Use: Scroll            |       |     6 |       ||     6
 Stab: Sleeping          |       |     1 |       ||     1
  Eat: Chunk             |     3 |     8 |     9 ||    20
Armor: Leather armour    |    21 |    13 |    12 ||    46
       Ring mail         |       |       |    41 ||    41
Dodge: Dodged            |    79 |    66 |    86 ||   231
